Map: [ESL] Alcyone

Players

Has - Winner!

  • Race: Protoss Protoss
  • Spawn Location: 1:00

Nanami

  • Race: Protoss Protoss
  • Spawn Location: 7:00

Event: ESL SC2 Masters 2023 Winter (Regional)

VOD

Have the link to the VOD?

Description

Time

  • Played on: Oct. 27, 2023, 8:46 a.m.
  • Length: 7:18

All games in this series

Show
View Real Time Build Order
Export as new Build Order

Has Protoss - Winner!

Build Orders:  

Get SALT Encoding   

  12  0:00  Probe  
  13  0:12  Probe  
  14  0:17  Pylon  
  14  0:24  Probe (Chrono Boost)  
  16  0:36  Gateway  
  16  0:37  Probe (Chrono Boost)  
  16  0:42  Probe (Chrono Boost)  
  16  0:46  Assimilator  
  17  0:52  Probe  
  17  0:55  Assimilator  
  18  1:04  Probe  
  18  1:07  Gateway  
  19  1:16  Probe  
  20  1:25  Cybernetics Core  
  20  1:29  Probe  
  20  1:32  Pylon  
  21  1:41  Probe  
  22  1:53  Probe  
  23  2:01  Warp Gate, Adept x2  
  27  2:05  Probe  
  28  2:11  Robotics Facility  
  28  2:17  Probe  
  28  2:21  Pylon  
  29  2:34  Sentry  
  31  2:39  Adept  
  31  3:00  Shield Battery  
  31  3:04  Observer (Chrono Boost)  
  31  3:06  Gateway  
  31  3:12  Adept x2  
  35  3:17  Warp Prism (Chrono Boost)  
  37  3:24  Shield Battery  
  37  3:33  Pylon  
  37  3:50  Immortal (Chrono Boost)  
  41  3:57  Pylon  
  41  4:13  Sentry  
  41  4:15  Pylon  
  43  4:20  Stalker x2  
  51  4:31  Immortal (Chrono Boost)  
  51  4:46  Observer  
  51  4:49  Twilight Council  
  51  4:51  Adept x2  
  55  5:03  Pylon  
  58  5:23  Probe  
  58  5:25  Adept x3  
  61  5:31  Resonating Glaives (Chrono Boost)  
  61  5:35  Pylon  
  61  5:56  Pylon  
  59  5:58  Adept x3  
  65  6:24  Adept x3  
  65  6:46  Sentry x2, Adept  
  66  6:48  Probe  
  63  7:01  Probe  
  59  7:12  Stalker  
Show
View Real Time Build Order
Export as new Build Order

Nanami Protoss 

Build Orders:  

Get SALT Encoding   

  12  0:00  Probe  
  13  0:12  Probe  
  14  0:17  Pylon  
  14  0:24  Probe (Chrono Boost)  
  16  0:36  Probe (Chrono Boost)  
  16  0:37  Gateway  
  16  0:43  Probe (Chrono Boost)  
  16  0:45  Assimilator  
  17  0:50  Probe  
  17  0:56  Assimilator  
  18  1:03  Probe (Chrono Boost)  
  19  1:08  Gateway  
  19  1:15  Probe (Chrono Boost)  
  20  1:21  Probe (Chrono Boost)  
  20  1:25  Cybernetics Core  
  21  1:29  Probe  
  22  1:33  Pylon  
  22  1:41  Probe  
  23  1:53  Probe  
  24  2:01  Warp Gate, Adept x2  
  28  2:14  Pylon  
  28  2:16  Robotics Facility  
  28  2:31  Stalker  
  28  2:32  Stalker  
  32  2:40  Shield Battery  
  32  2:49  Gateway  
  30  3:00  Sentry  
  32  3:05  Immortal (Chrono Boost)  
  36  3:19  Shield Battery  
  35  3:34  Warp Prism (Chrono Boost)  
  35  3:50  Stalker x2  
  35  3:55  Pylon  
  39  4:13  Immortal, Adept  
  45  4:29  Adept  
  47  4:31  Pylon  
  47  4:42  Pylon  
  47  4:51  Stalker x2  
  51  4:53  Stalker  
  51  4:56  Observer (Chrono Boost)  
  54  5:18  Stalker  
  54  5:20  Adept x2  
  60  5:28  Pylon  
  56  5:55  Immortal  
  58  6:00  Adept  
  58  6:01  Adept  
  52  6:51  Adept  
Tags
 
Add a new tag
Caveats
  • Supply blocks, unpowered buildings, or Contaminate may cause inaccurate times.
  • Supply counts are checked every 10 seconds.